SAA
ATHLETIC CLUB KC ACADEMY @ SAN ANTONIO BC
07/26/2030
 
TOP OF THE 1ST
Athletic Club KC Academy batting - Pitching for San Antonio BC : RHP Willie Dustice
Pitching: RHP Willie Dustice
Batting: LHB Takayuki Yoshikawa 0-0: Ball
1-0: Ground out 6-3 (Groundball, 6)
Batting: LHB Chi-hun Chong 0-0: Ball
1-0: SINGLE (Groundball, 56D)
Batting: RHB Colin Bottone 0-0: Called Strike
0-1: Ball
1-1: 2-RUN HOME RUN (Flyball, 7LD), Distance : 378 ft
Batting: LHB Ramón Morterero 0-0: Called Strike
0-1: Ball
1-1: SINGLE (Flyball, 7S)
Batting: RHB Roger Caffyn 0-0: Ball
1-0: Swinging Strike
1-1: Called Strike
1-2: Strikes out swinging
Batting: RHB Tae-kyun Chon 0-0: Ball
Ramón Morterero is caught stealing 2nd base
Top of the 1st over - 2 runs, 3 hits, 0 errors, 0 left on base; Athletic Club KC Academy 2 - San Antonio 0
BOTTOM OF THE 1ST
San Antonio BC batting - Pitching for Athletic Club KC Academy : LHP Mike Truk
Pitching: LHP Mike Truk
Batting: RHB Manny Álvarez 0-0: Ball
1-0: Fly out, F8 (Flyball, 78D)
Batting: RHB Alba Hidalgo de Jesus 0-0: Ground out 1-3 (Groundball, 13)
Batting: RHB Mike Howard 0-0: Ball
1-0: SINGLE (Groundball, 56D)
Batting: SHB Anastasio Delgadilo 0-0: Ball
1-0: Swinging Strike
1-1: Ball
Throwing error on steal attempt, E2
Mike Howard to third
2-1: Foul Ball, location: 2F
2-2: Foul Ball, location: 2F
2-2: SINGLE (Groundball, 6MD)
Mike Howard scores
Batting: SHB Scotty Vallee 0-0: Ball
1-0: DOUBLE (Line Drive, 9LM)
Anastasio Delgadilo to third
Runner from 3rd tries for Home, SAFE, throw made at trailing runner, OUT at third!
Bottom of the 1st over - 2 runs, 3 hits, 1 error, 0 left on base; Athletic Club KC Academy 2 - San Antonio 2
TOP OF THE 2ND
Athletic Club KC Academy batting - Pitching for San Antonio BC : RHP Willie Dustice
Batting: RHB Tae-kyun Chon 0-0: Called Strike
0-1: Ball
1-1: Swinging Strike
1-2: Ground out 5-3 (Groundball, 56)
Batting: RHB Dewey Nauss 0-0: Ball
1-0: Foul Ball, location: 2F
1-1: Foul Ball, location: 2F
1-2: SINGLE (Groundball, 6MD)
Batting: RHB Tasuku Goto 0-0: Ball
1-0: Called Strike
1-1: Called Strike
1-2: SINGLE (Groundball, 34D)
Dewey Nauss to second
Runner from 2nd tries for 3rd, SAFE, no throw
Batting: RHB Troy Whitehurst 0-0: Ball
1-0: Foul Ball, location: 2F
1-1: Ball
2-1: Ball
3-1: Foul Ball, location: 2F
3-2: Base on Balls
Tasuku Goto to second
Batting: LHB Takayuki Yoshikawa 0-0: Ball
1-0: Called Strike
1-1: Foul Ball, location: 2F
1-2: Fielders Choice at 2nd, 6-4 (Groundball, 6)
Dewey Nauss scores
Tasuku Goto to third
Batting: LHB Chi-hun Chong 0-0: Ball
1-0: Called Strike
1-1: Ball
2-1: DOUBLE (Line Drive, 8LXD)
Tasuku Goto scores
Takayuki Yoshikawa to third
Runner from 3rd tries for Home, SAFE, no throw
Batting: RHB Colin Bottone 0-0: TRIPLE (Flyball, 78XD)
Chi-hun Chong scores
Batting: LHB Ramón Morterero 0-0: Called Strike
0-1: Swinging Strike
0-2: Ball
1-2: Ball
2-2: Strikes out swinging
Top of the 2nd over - 4 runs, 4 hits, 0 errors, 1 left on base; Athletic Club KC Academy 6 - San Antonio 2
BOTTOM OF THE 2ND
San Antonio BC batting - Pitching for Athletic Club KC Academy : LHP Mike Truk
Batting: RHB Dixon Snyder 0-0: Ball
1-0: Ball
2-0: Ball
3-0: Base on Balls
Batting: RHB Ben Hampton 0-0: Called Strike
0-1: Ball
1-1: Foul Ball, location: 2F
1-2: Strikes out swinging
Batting: SHB Esteban Borsellino 0-0: Ball
1-0: Ball
2-0: Foul Ball, location: 2F
2-1: Fly out, F8 (Flyball, 8LD)
Batting: RHB Rodrigo Chávez 0-0: Called Strike
0-1: Swinging Strike
0-2: Ball
1-2: Ball
2-2: Foul Ball, location: 2F
2-2: Foul Ball, location: 2F
2-2: Strikes out swinging
Bottom of the 2nd over - 0 runs, 0 hits, 0 errors, 1 left on base; Athletic Club KC Academy 6 - San Antonio 2
TOP OF THE 3RD
Athletic Club KC Academy batting - Pitching for San Antonio BC : RHP Willie Dustice
Batting: RHB Roger Caffyn 0-0: Ball
1-0: Called Strike
1-1: Ball
2-1: Ball
3-1: Fly out, F8 (Flyball, 8RD)
Batting: RHB Tae-kyun Chon 0-0: Called Strike
0-1: SOLO HOME RUN (Flyball, 7D), Distance : 410 ft
Batting: RHB Dewey Nauss 0-0: Called Strike
0-1: Ball
1-1: Ball
2-1: Foul Ball, location: 2F
2-2: Ball
3-2: Foul Ball, location: 2F
3-2: Base on Balls
Pitching: RHP Colm Soto
Batting: RHB Tasuku Goto 0-0: Foul Ball, location: 2F
0-1: Ball
1-1: Called Strike
1-2: Ball
2-2: Ground out 5-3 (Groundball, 56S)
Dewey Nauss to second
Batting: RHB Troy Whitehurst 0-0: SINGLE (Flyball, 7S)
Dewey Nauss to third
Runner from 3rd tries for Home, SAFE, throw made home
Batting: LHB Takayuki Yoshikawa 0-0: Ball
1-0: Ball
2-0: Ball
3-0: Called Strike
3-1: Foul Ball, location: 2F
3-2: Foul Ball, location: 2F
3-2: Base on Balls
Troy Whitehurst to second
Batting: LHB Chi-hun Chong 0-0: Called Strike
0-1: Ball
1-1: Called Strike
1-2: Ball
2-2: Fielders Choice at 2nd, 5-4 (Groundball, 56)
Top of the 3rd over - 2 runs, 2 hits, 0 errors, 2 left on base; Athletic Club KC Academy 8 - San Antonio 2
BOTTOM OF THE 3RD
San Antonio BC batting - Pitching for Athletic Club KC Academy : LHP Mike Truk
Batting: RHB Manny Álvarez 0-0: Ball
1-0: Ground out 4-3 (Groundball, 4)
Batting: RHB Alba Hidalgo de Jesus 0-0: Reached on error, E1 (Groundball, 15)
Batting: RHB Mike Howard 0-0: Called Strike
0-1: Fly out, F7 (Flyball, 7LD)
Batting: SHB Anastasio Delgadilo 0-0: Ground out 6-3 (Groundball, 6)
Bottom of the 3rd over - 0 runs, 0 hits, 1 error, 1 left on base; Athletic Club KC Academy 8 - San Antonio 2
TOP OF THE 4TH
Athletic Club KC Academy batting - Pitching for San Antonio BC : RHP Colm Soto
Batting: RHB Colin Bottone 0-0: Ball
1-0: Ball
2-0: Ball
3-0: Called Strike
3-1: Base on Balls
Batting: LHB Ramón Morterero 0-0: Called Strike
0-1: Called Strike
Colin Bottone is caught stealing 2nd base
0-2: Ground out 6-3 (Groundball, 6)
Batting: RHB Roger Caffyn 0-0: Called Strike
0-1: Swinging Strike
0-2: Strikes out looking
Top of the 4th over - 0 runs, 0 hits, 0 errors, 0 left on base; Athletic Club KC Academy 8 - San Antonio 2
BOTTOM OF THE 4TH
San Antonio BC batting - Pitching for Athletic Club KC Academy : LHP Mike Truk
Batting: SHB Scotty Vallee 0-0: Called Strike
0-1: Fly out, F9 (Flyball, 89S)
Batting: RHB Dixon Snyder 0-0: Ball
1-0: Fly out, F7 (Line Drive, 78S)
Batting: RHB Ben Hampton 0-0: Ball
1-0: Fly out, F8 (Line Drive, 8RD)
Bottom of the 4th over - 0 runs, 0 hits, 0 errors, 0 left on base; Athletic Club KC Academy 8 - San Antonio 2
TOP OF THE 5TH
Athletic Club KC Academy batting - Pitching for San Antonio BC : RHP Colm Soto
Batting: RHB Tae-kyun Chon 0-0: Called Strike
0-1: Ball
1-1: Ball
2-1: Swinging Strike
2-2: Ball
3-2: Strikes out swinging
Batting: RHB Dewey Nauss 0-0: Called Strike
0-1: Ball
1-1: Ball
2-1: SINGLE (Groundball, 4MD)
Batting: RHB Tasuku Goto 0-0: Called Strike
0-1: Swinging Strike
0-2: Foul Ball, location: 2F
0-2: Reached on error, E5 (Groundball, 56)
Dewey Nauss to second
Batting: RHB Troy Whitehurst 0-0: Called Strike
0-1: Ball
1-1: Ball
2-1: SINGLE (Line Drive, 7S)
Dewey Nauss to third
Tasuku Goto to second
Batting: LHB Takayuki Yoshikawa 0-0: Called Strike
0-1: Swinging Strike
0-2: Foul Ball, location: 2F
0-2: Fly out, F7 (Flyball, 7S)
Batting: LHB Chi-hun Chong 0-0: SINGLE (Groundball, 6) (infield hit)
Dewey Nauss scores
Tasuku Goto to third
Troy Whitehurst to second
Batting: RHB Colin Bottone 0-0: SINGLE (Line Drive, 89S)
Tasuku Goto scores
Troy Whitehurst to third
Chi-hun Chong to second
Runner from 3rd tries for Home, SAFE, no throw
Batting: LHB Ramón Morterero 0-0: Ball
1-0: Called Strike
1-1: Foul Ball, location: 2F
1-2: Ball
2-2: Ball
3-2: SINGLE (Line Drive, 78S)
Chi-hun Chong to third
Colin Bottone to second
Chi-hun Chong scores
Colin Bottone to third
Batting: RHB Roger Caffyn 0-0: Fly out, F8 (Flyball, 8RM)
Top of the 5th over - 4 runs, 5 hits, 1 error, 2 left on base; Athletic Club KC Academy 12 - San Antonio 2
BOTTOM OF THE 5TH
San Antonio BC batting - Pitching for Athletic Club KC Academy : LHP Mike Truk
Batting: SHB Esteban Borsellino 0-0: Ball
1-0: Fly out, F3 (Popup, 23F)
Batting: RHB Rodrigo Chávez 0-0: Called Strike
0-1: Called Strike
0-2: Foul Ball, location: 2F
0-2: Ball
1-2: Ground out 6-3 (Groundball, 6)
Batting: RHB Manny Álvarez 0-0: Ball
1-0: Ball
2-0: Foul Ball, location: 2F
2-1: Swinging Strike
2-2: Foul Ball, location: 2F
2-2: Strikes out swinging
Bottom of the 5th over - 0 runs, 0 hits, 0 errors, 0 left on base; Athletic Club KC Academy 12 - San Antonio 2
TOP OF THE 6TH
Athletic Club KC Academy batting - Pitching for San Antonio BC : RHP Colm Soto
Batting: RHB Tae-kyun Chon 0-0: Ball
1-0: Swinging Strike
1-1: Ball
2-1: Foul Ball, location: 2F
2-2: Fly out, F8 (Line Drive, 89S)
Batting: RHB Dewey Nauss 0-0: Foul Ball, location: 2F
0-1: Called Strike
0-2: Ball
1-2: DOUBLE (Flyball, 78XD)
Pitching: RHP Michael Taylor
Batting: RHB Tasuku Goto 0-0: Ball
1-0: SINGLE (Line Drive, 6MD)
Dewey Nauss to third
Batting: RHB Troy Whitehurst
Pinch Hitting: LHB Michael Woodard 0-0: Ball
1-0: Ball
2-0: Swinging Strike
2-1: 3-RUN HOME RUN (Line Drive, 9LD), Distance : 355 ft
Pinch Hitting: LHB Abdallah Rweikiza 0-0: Fly out, F7 (Line Drive, 7)
Batting: LHB Chi-hun Chong 0-0: Called Strike
0-1: Called Strike
0-2: Ball
1-2: Fly out, F4 (Popup, 4M)
Top of the 6th over - 3 runs, 3 hits, 0 errors, 0 left on base; Athletic Club KC Academy 15 - San Antonio 2
BOTTOM OF THE 6TH
San Antonio BC batting - Pitching for Athletic Club KC Academy : LHP Mike Truk
Now at 1B: Michael Woodard
Now in RF: Abdallah Rweikiza
Batting: RHB Alba Hidalgo de Jesus 0-0: Ball
1-0: Called Strike
1-1: Foul Ball, location: 2F
1-2: Ball
2-2: Fly out, F4 (Popup, 4M)
Batting: RHB Mike Howard 0-0: Fly out, F9 (Flyball, 89S)
Batting: SHB Anastasio Delgadilo 0-0: Called Strike
0-1: Swinging Strike
0-2: Ball
1-2: Ground out 6-3 (Groundball, 6)
Bottom of the 6th over - 0 runs, 0 hits, 0 errors, 0 left on base; Athletic Club KC Academy 15 - San Antonio 2
TOP OF THE 7TH
Athletic Club KC Academy batting - Pitching for San Antonio BC : RHP Michael Taylor
Batting: RHB Colin Bottone 0-0: Ball
1-0: Ball
2-0: Ground out 5-3 (Groundball, 56)
Batting: LHB Ramón Morterero 0-0: Ball
1-0: Ball
2-0: Called Strike
2-1: Ball
3-1: Fly out, F9 (Flyball, 89S)
Batting: RHB Roger Caffyn 0-0: Ball
1-0: Ball
2-0: Swinging Strike
2-1: SINGLE (Line Drive, 7LS)
Batting: RHB Tae-kyun Chon 0-0: Ball
1-0: Called Strike
1-1: SINGLE (Line Drive, 4D)
Roger Caffyn to second
Batting: RHB Dewey Nauss 0-0: Ball
Wild Pitch!
Roger Caffyn to third
Tae-kyun Chon to second
1-0: Called Strike
1-1: Ball
2-1: Fly out, F7 (Flyball, 7LSF)
Top of the 7th over - 0 runs, 2 hits, 0 errors, 2 left on base; Athletic Club KC Academy 15 - San Antonio 2
BOTTOM OF THE 7TH
San Antonio BC batting - Pitching for Athletic Club KC Academy : LHP Mike Truk
Now in LF: Arturo Annunziato
Batting: SHB Scotty Vallee 0-0: SINGLE (Line Drive, 89S)
Batting: RHB Dixon Snyder 0-0: Ball
1-0: Ball
2-0: Ball
3-0: Base on Balls
Scotty Vallee to second
Pinch Hitting: RHB António Pérez 0-0: Called Strike
0-1: Called Strike
0-2: Foul Ball, location: 2F
0-2: Ground out 6-3 (Groundball, 56D)
Scotty Vallee to third
Dixon Snyder to second
Batting: SHB Esteban Borsellino 0-0: Ball
1-0: Ball
2-0: Foul Ball, location: 2F
2-1: Called Strike
2-2: Ball
3-2: SINGLE (Line Drive, 9S)
Scotty Vallee scores
Dixon Snyder to third
Batting: RHB Rodrigo Chávez 0-0: Ball
1-0: Ball
2-0: Called Strike
2-1: Ball
3-1: Foul Ball, location: 2F
3-2: Foul Ball, location: 2F
3-2: Foul Ball, location: 2F
3-2: Foul Ball, location: 2F
3-2: Base on Balls
Esteban Borsellino to second
Pitching: RHP Claudio Valenzuela
Batting: RHB Manny Álvarez 0-0: Ball
1-0: Ball
2-0: Called Strike
2-1: SINGLE (Groundball, 56D)
Dixon Snyder scores
Esteban Borsellino to third
Rodrigo Chávez to second
Runner from 3rd tries for Home, SAFE, no throw
Batting: RHB Alba Hidalgo de Jesus 0-0: Ball
1-0: Swinging Strike
1-1: Ball
2-1: Swinging Strike
2-2: Strikes out swinging
Batting: RHB Mike Howard 0-0: Ball
1-0: Ball
2-0: Foul Ball, location: 2F
2-1: Ground out 5-3 (Groundball, 56S)
Bottom of the 7th over - 3 runs, 3 hits, 0 errors, 2 left on base; Athletic Club KC Academy 15 - San Antonio 5
TOP OF THE 8TH
Athletic Club KC Academy batting - Pitching for San Antonio BC : RHP Michael Taylor
Now at 3B: Louis Litt
Batting: RHB Tasuku Goto 0-0: Swinging Strike
0-1: Ball
1-1: SINGLE (Flyball, 78S)
Batting: LHB Michael Woodard 0-0: Ball
1-0: Called Strike
1-1: Called Strike
Tasuku Goto steals 2nd base
1-2: Ball
2-2: Ball
3-2: 2-RUN HOME RUN (Flyball, 7D), Distance : 408 ft
Batting: LHB Abdallah Rweikiza 0-0: Called Strike
0-1: Foul Ball, location: 2F
0-2: Strikes out swinging
Batting: LHB Chi-hun Chong 0-0: Called Strike
0-1: Swinging Strike
0-2: Foul Ball, location: 2F
0-2: SINGLE (Line Drive, 4D)
Batting: RHB Colin Bottone 0-0: SINGLE (Groundball, 34D)
Chi-hun Chong to second
Runner from 2nd tries for 3rd, SAFE, no throw
Batting: RHB Arturo Annunziato 0-0: Ball
1-0: Called Strike
1-1: Grounds into double play, 5-4-3 (Groundball, 56)
Top of the 8th over - 2 runs, 4 hits, 0 errors, 1 left on base; Athletic Club KC Academy 17 - San Antonio 5
BOTTOM OF THE 8TH
San Antonio BC batting - Pitching for Athletic Club KC Academy : RHP Claudio Valenzuela
Now at 2B: Roberto Romero
Batting: SHB Anastasio Delgadilo 0-0: Ball
1-0: Ground out 1-3 (Groundball, 15)
Batting: SHB Scotty Vallee 0-0: Ball
1-0: Ball
2-0: Foul Ball, location: 2F
2-1: Swinging Strike
2-2: Fly out, F5 (Popup, 5SF)
Batting: RHB Dixon Snyder 0-0: Ball
1-0: Ball
2-0: Foul Ball, location: 2F
2-1: Ball
3-1: Base on Balls
Batting: RHB Louis Litt 0-0: Ball
1-0: Fly out, F9 (Flyball, 9S)
Bottom of the 8th over - 0 runs, 0 hits, 0 errors, 1 left on base; Athletic Club KC Academy 17 - San Antonio 5
TOP OF THE 9TH
Athletic Club KC Academy batting - Pitching for San Antonio BC : RHP Michael Taylor
Batting: RHB Roger Caffyn 0-0: Ball
1-0: Ball
2-0: Ball
3-0: Called Strike
3-1: Called Strike
3-2: Fly out, F8 (Flyball, 8LXD)
Batting: RHB Tae-kyun Chon 0-0: Ground out 6-3 (Groundball, 56)
Batting: RHB Dewey Nauss 0-0: Called Strike
0-1: Foul Ball, location: 2F
0-2: Ball
1-2: DOUBLE (Line Drive, 7LD)
Batting: RHB Tasuku Goto 0-0: Called Strike
0-1: Ball
1-1: Ball
2-1: Ball
3-1: Called Strike
3-2: Foul Ball, location: 2F
3-2: Foul Ball, location: 2F
3-2: Strikes out looking
Top of the 9th over - 0 runs, 1 hit, 0 errors, 1 left on base; Athletic Club KC Academy 17 - San Antonio 5
BOTTOM OF THE 9TH
San Antonio BC batting - Pitching for Athletic Club KC Academy : RHP Claudio Valenzuela
Batting: SHB Esteban Borsellino 0-0: Called Strike
0-1: Swinging Strike
0-2: Ball
1-2: Ball
2-2: Ball
3-2: Foul Ball, location: 2F
3-2: Foul Ball, location: 2F
3-2: Foul Ball, location: 2F
3-2: SINGLE (Groundball, 4MD)
Batting: RHB Rodrigo Chávez Balk!
Esteban Borsellino to second
0-0: Called Strike
0-1: Ball
1-1: Swinging Strike
1-2: Foul Ball, location: 2F
1-2: Strikes out swinging
Batting: RHB Manny Álvarez 0-0: SINGLE (Groundball, 6MD)
Esteban Borsellino to third
Batting: RHB Alba Hidalgo de Jesus 0-0: Ball
1-0: Fly out, F4 (Popup, 4M)
Batting: RHB Mike Howard
Pinch Hitting: RHB Abraham Phelps 0-0: Ball
1-0: Ball
2-0: SINGLE (Line Drive, 6D)
Esteban Borsellino scores
Manny Álvarez to second
Batting: SHB Anastasio Delgadilo 0-0: Ground out 3-1 (Groundball, 34)
Bottom of the 9th over - 1 run, 3 hits, 0 errors, 2 left on base; Athletic Club KC Academy 17 - San Antonio 6
Sunday, March 18th, 2018 - OOTP Baseball 18.8 Build 76